 Dungeon Crawl Stone Soup version 0.25-a0-340-ga1faa1601d (webtiles) character file.

Game seed: 14582099606554161754, levelgen mode: deterministic

2181 sankara the Martial Artist (level 9, -12/58 HPs)
             Began as a Vampire Transmuter on Dec 25, 2019.
             Was a Believer of Okawaru.
             Killed from afar by Harold (15 damage)
             ... with a harpoon shot
             ... on level 7 of the Dungeon on Dec 29, 2019.
             The game lasted 00:30:03 (5837 turns).

sankara the Martial Artist (Vampire Transmuter)     Turns: 5837, Time: 00:30:04

Health: -12/58     AC:  8    Str: 15    XL:     9   Next: 11%
Magic:  12/12      EV: 13    Int: 16    God:    Okawaru [**....]
Gold:   376        SH:  0    Dex: 14    Spells: 1/12 levels left

rFire    + . .     SeeInvis +     - Unarmed
rCold    + . .     Gourm    .   (no shield)
rNeg     + . .     Faith    .   D - +2 ring mail "Dobepese" {rPois rN+}
rPois    +         Spirit   .   (no helmet)
rElec    .         Reflect  .   t - scarf {rC+ rF+}
rCorr    .         Harm     .   w - +0 pair of gloves {Str+3}
MR       .....                  (no boots)
Stlth    +.........             (no amulet)
HPRegen  0.39/turn              (no ring)
MPRegen  0.13/turn              (no ring)

@: marked, regenerating quickly
A: no food, fangs 3, see invisible, unbreathing
a: Exsanguinate, Heroism, Renounce Religion


You were on level 7 of the Dungeon.
You worshipped Okawaru.
Okawaru was pleased with you.
You were alive.

You visited 2 branches of the dungeon, and saw 9 of its levels.

You collected 376 gold pieces.

Inventory:

Hand Weapons
 h - a +0 hunting sling
   (You found it on level 2 of the Dungeon)
 B - the cursed +0 spear "Levumaen" {pierce, rPois, unknown}
   (You found it on level 5 of the Dungeon)

   It inflicts extra damage upon your enemies.
   It protects you from poison.
   It has a curse placed upon it.
Missiles
 a - 95 arrows
 v - 10 poisoned darts (quivered)
 z - a throwing net {=f, !d}
Armour
 r - a +2 leather armour of poison resistance
   (You took it off Ijyb on level 3 of the Dungeon)
 t - a scarf of resistance (worn)
   (You found it on level 3 of the Dungeon)
 w - a +0 pair of gloves of strength (worn)
   (You found it on level 4 of the Dungeon)
 D - the +2 ring mail "Dobepese" (worn) {rPois rN+}
   (You found it on level 6 of the Dungeon)

   It protects you from poison.
   It protects you from negative energy.
 F - the +1 animal skin of Joy {+Fly rElec rC- Stlth+, unknown}
   (You found it on level 7 of the Dungeon)

   It makes you vulnerable to cold.
   It insulates you from electricity.
   It lets you fly.
   It makes you more stealthy.
Wands
 b - a wand of flame (11)
   (You found it on level 3 of the Dungeon)
 p - a wand of scattershot (7)
   (You took it off Ijyb on level 3 of the Dungeon)
 x - a wand of disintegration (14)
   (You found it on level 4 of the Dungeon)
 y - a wand of iceblast (7)
   (You found it on level 4 of the Dungeon)
 C - a wand of random effects (17)
   (You took it off Sigmund on level 6 of the Dungeon)
 H - a wand of enslavement (12)
   (You found it on level 7 of the Dungeon)
Scrolls
 e - 4 scrolls of teleportation
 j - 5 scrolls of enchant armour {unknown}
 k - a scroll of immolation {unknown}
 m - 7 scrolls of identify {unknown}
 n - 2 scrolls of fear {unknown}
 s - 3 scrolls of blinking {unknown}
 u - 2 scrolls of magic mapping {unknown}
 G - a scroll of enchant weapon {unknown}
 I - a scroll of remove curse
Potions
 c - 6 potions of curing {unknown}
 d - a potion of magic {unknown}
 f - 2 potions of berserk rage {unknown}
 g - a potion of ambrosia {unknown}
 i - 3 potions of heal wounds {unknown}
 l - a potion of flight {unknown}
 o - a potion of cancellation {unknown}
 q - 3 potions of brilliance {unknown}
 A - a potion of agility {unknown}
 E - a potion of resistance {unknown}


   Skills:
 - Level 0.8 Fighting
 - Level 3.1 Armour
 + Level 5.1 Dodging
 + Level 8.9 Unarmed Combat
 - Level 2.0 Spellcasting
 + Level 7.6 Transmutations
 + Level 2.8 Ice Magic


You had one spell level left.
You knew the following spells:

 Your Spells              Type           Power        Failure   Level  Hunger
a - Beastly Appendage     Tmut           ####..       1%          1    N/A
b - Sticks to Snakes      Tmut           ####....     2%          2    N/A
c - Spider Form           Tmut/Pois      ##........   26%         3    N/A
d - Freeze                Ice            ##..         13%         1    N/A
e - Ice Form              Ice/Tmut       ###.....     43%         4    N/A

Your spell library contained the following spells:

 Spells                   Type           Power        Failure   Level  Hunger
 Blade Hands              Tmut           ####......   43%         5    N/A

Dungeon Overview and Level Annotations

Branches:
Dungeon (8/15)             Temple (1/1) D:4
   Lair: D:8-11

Altars:
Ashenzari
Cheibriados
Dithmenos
Elyvilon
Fedhas
Gozag
Hepliaklqana
Kikubaaqudgha
Makhleb
Nemelex Xobeh
Okawaru
Qazlal
Ru
Sif Muna
Trog
Uskayaw
Vehumet
Wu Jian
Xom
Yredelemnul
Zin
The Shining One

Shops:
D:7 (!=*=

Annotations:
D:3 3 runed translucent doors, Glalom's ghost, amateur DEFE
D:4 1 runed translucent door, Gremour's ghost, amateur DrMo
D:7 Harold


Innate Abilities, Weirdness & Mutations

You do not eat.
Your natural rate of healing is unusually fast.
You have razor-sharp teeth.
You have supernaturally acute eyesight. (SInv)
You can survive without breathing.


Message History

You can access your shopping list by pressing '$'.
There is a stone staircase leading down here.
There is a shaft here.
You see here a robe.
Done exploring.
Done exploring.
(D) Dungeon (T) Temple
Where to? (Enter - D:7, ? - help)
There is a stone staircase leading down here.
You climb downwards.
There is a stone staircase leading up here.
Found an escape hatch in the ceiling.
Found a stone staircase leading up.
Harold the Weathered comes into view.
He is wielding a +0 war axe.
Harold shouts!
Casting: Beastly Appendage (safe; 1% risk of failure)
Confirm with . or Enter, or press ? or * to list all spells.
You turn into a venomous arachnid creature.
Your scarf of resistance melds into your body.
Your +0 pair of gloves of strength melds into your body.
The +2 ring mail "Dobepese" {rPois rN+} melds into your body.
You feel hot and cold all over.
You feel weaker.
Harold throws a throwing net.
The throwing net barely misses you. Harold gestures at you while chanting.
A sentinel's mark forms upon you. Harold hits you with a +0 war axe!
You are too injured to fight recklessly!
You are too injured to fight recklessly!
You are too injured to fight recklessly!
You are too injured to fight recklessly!
You hit Harold but do no damage.
Harold is poisoned.
Harold barely misses you.
You hit Harold.
Harold looks as sick as possible!
Harold is lightly wounded.
Harold closely misses you.
You hit Harold but do no damage.
Harold looks as sick as possible!
Harold is lightly wounded.
You hit Harold.
Harold looks as sick as possible!
Harold is lightly wounded.
Harold hits you with a +0 war axe.
You hit Harold.
Harold looks as sick as possible!
Harold is moderately wounded.
Harold misses you.
You completely miss Harold.
Harold is moderately wounded.
Harold hits you but does no damage.
You hit Harold but do no damage.
Harold looks as sick as possible!
Harold is moderately wounded.
You hit Harold.
Harold looks as sick as possible!
Harold is moderately wounded.
Harold barely misses you.
You hit Harold.
Harold is moderately wounded.
Harold barely misses you.
You hit Harold.
Harold looks as sick as possible!
Harold is heavily wounded.
You hit Harold but do no damage.
Harold looks as sick as possible!
Harold is heavily wounded.
Harold completely misses you.
You hit Harold.
Harold looks as sick as possible!
Harold is heavily wounded.
Harold looks eager to get this over with.
Harold points at you and mumbles some strange words.
The mark upon you grows brighter.
You hit Harold but do no damage.
Harold looks as sick as possible!
Harold is severely wounded.
Harold hits you with a +0 war axe.
You hit Harold.
Harold looks as sick as possible!
Harold is severely wounded.
You hit Harold but do no damage.
Harold looks as sick as possible!
Harold is severely wounded.
Harold closely misses you.
You hit Harold but do no damage.
Harold looks as sick as possible!
Harold is severely wounded.
Your transformation is almost over.
Harold completely misses you.
You hit Harold but do no damage.
Harold looks as sick as possible!
Harold is severely wounded.
A leopard gecko comes into view.
You hit Harold.
Harold looks as sick as possible!
Harold is severely wounded.
Harold hits you with a +0 war axe!
You hit Harold but do no damage.
Harold looks as sick as possible!
Harold is severely wounded.
Harold hits you with a +0 war axe!!
* * * LOW HITPOINT WARNING * * *
There is an escape hatch in the ceiling here.
Harold hits you with a +0 war axe.
* * * LOW HITPOINT WARNING * * *
A mysterious force pulls you upwards. The hatch slams shut behind you.
Harold gestures at you while chanting. The mark upon you grows brighter.
Your transformation has ended.
Your scarf of resistance unmelds from your body.
Your +0 pair of gloves of strength unmelds from your body.
The +2 ring mail "Dobepese" {rPois rN+} unmelds from your body.
You feel resistant to extremes of temperature.
You feel stronger. Harold casts a spell at you. The harpoon shot hits you!
You die...

...#....# #∩##.#.....#.........
####...)# #.........)......#...
........# ####.######..........
####....## #.######..........
#.....# #.##..............
#.....# #.##..............
##....#######.##..........#.##
#.....#...##.##.....######.#
###.....#...##@##.....######.##
#....._.....##.##..........#...
#...........##.##.....###.#####
#.....<......@.................
#............#.##########.####.
######.......#.# #.##...
#.......#.# #(##.#. ###+#.###.#
#.##.#. #.#.# #.# #....#<


You could see Harold.

Vanquished Creatures
  Sigmund (D:6)
  Eustachio (D:6)
  A sky beast (D:6)
  An ice beast (D:6)
  An orc warrior (D:6)
  4 ogres
  2 centaurs
  A bullfrog (D:6)
  A water moccasin zombie (D:7)
  2 howler monkeys
  4 crimson imps
  A jelly (D:7)
  4 orc wizards
  2 orc priests
  A gnoll shaman (D:4)
  A hound (D:4)
  Ijyb (D:3)
  An iguana (D:5)
  7 worker ants
  10 gnolls
  8 adders
  3 oozes
  An adder skeleton (D:5)
  A worm (D:5)
  2 dart slugs
  3 leopard geckos
  16 orcs
  3 ball pythons
  2 giant cockroaches
  10 goblins
  6 hobgoblins
  11 jackals
  3 quokkas
  11 bats
  4 frilled lizards
  5 kobolds
  6 rats
142 creatures vanquished.

Vanquished Creatures (others)
  A giant cockroach (D:6)
  2 withered plants (D:4)
3 creatures vanquished.

Grand Total: 145 creatures vanquished

Notes
Turn   | Place    | Note
-------+----------+-------------------------------------------
     0 | D:1      | sankara the Vampire Transmuter began the quest for the Orb.
     0 | D:1      | Reached XP level 1. HP: 14/14 MP: 3/3
   208 | D:1      | Reached XP level 2. HP: 19/20 MP: 3/5
   212 | D:1      | Learned a level 2 spell: Sticks to Snakes
   376 | D:1      | Reached skill level 4 in Unarmed Combat
   594 | D:2      | Reached XP level 3. HP: 25/25 MP: 4/6
   821 | D:2      | Reached skill level 3 in Dodging
   959 | D:2      | Learned a level 3 spell: Spider Form
  1182 | D:2      | Reached XP level 4. HP: 31/31 MP: 3/7
  1196 | D:2      | Reached skill level 5 in Unarmed Combat
  1403 | D:2      | Found a faded altar of an unknown god.
  1407 | D:2      | Became a worshipper of Vehumet
  1407 | D:2      | Reached * piety under Vehumet
  1407 | D:2      | Offered knowledge of Freeze by Vehumet.
  1433 | D:3      | Found a sparkling altar of Nemelex Xobeh.
  1445 | D:3      | Learned a level 1 spell: Freeze
  1641 | D:3      | Found a stormy altar of Qazlal.
  1641 | D:3      | Found an iron altar of Okawaru.
  1700 | D:3      | Found a runed translucent gate.
  1700 | D:3      | Found a runed translucent gate.
  1700 | D:3      | Found a runed translucent gate.
  1731 | D:3      | Fell from the grace of Vehumet
  1731 | D:3      | Became a worshipper of Warmaster Okawaru
  1750 | D:3      | Reached XP level 5. HP: 19/36 MP: 6/8
  1763 | D:3      | Noticed Ijyb
  1812 | D:3      | Killed Ijyb
  1835 | D:3      | Noticed Glalom's ghost (amateur DEFE)
  2168 | D:3      | Reached skill level 3 in Transmutations
  2296 | D:4      | Found a runed translucent door.
  2296 | D:4      | Noticed Gremour's ghost (amateur DrMo)
  2445 | D:4      | Found a staircase to the Ecumenical Temple.
  2453 | D:4      | Reached skill level 1 in Armour
  2455 | D:4      | Noticed an ogre
  2465 | D:4      | Noticed a centaur
  2479 | D:4      | Killed an ogre
  2479 | D:4      | Reached skill level 6 in Unarmed Combat
  2479 | D:4      | Reached XP level 6. HP: 37/42 MP: 5/9
  2482 | D:4      | Reached * piety under Okawaru
  2492 | D:4      | Reached skill level 4 in Transmutations
  2497 | D:4      | Reached skill level 2 in Armour
  2498 | D:4      | Reached XP level 7. HP: 23/47 MP: 4/10
  2541 | Temple   | Entered the Ecumenical Temple
  3380 | D:5      | Entered Level 5 of the Dungeon
  3581 | D:4      | Reached skill level 5 in Transmutations
  3678 | D:5      | Reached skill level 3 in Armour
  3678 | D:5      | Reached skill level 7 in Unarmed Combat
  3819 | D:5      | Got a dazzling spear
  3924 | D:5      | Reached XP level 8. HP: 52/53 MP: 8/11
  4224 | D:6      | Noticed Eustachio
  4233 | D:6      | Reached skill level 6 in Transmutations
  4291 | D:6      | Killed Eustachio
  4291 | D:6      | Reached ** piety under Okawaru
  4291 | D:6      | Reached skill level 8 in Unarmed Combat
  4480 | D:6      | Noticed Sigmund
  4489 | D:6      | Killed Sigmund
  4489 | D:6      | Reached skill level 4 in Dodging
  4489 | D:6      | Reached skill level 1 in Ice Magic
  4530 | D:6      | Got a shimmering ring mail
  4541 | D:6      | Identified the +2 ring mail "Dobepese" {rPois rN+} (You
                  | found it on level 6 of the Dungeon)
  4552 | D:6      | Reached skill level 7 in Transmutations
  4571 | D:6      | HP: 12/53 [orc wizard/+0 dagger (3)]
  4792 | D:6      | Found a shimmering blue altar of Sif Muna.
  4794 | D:6      | Found a shimmering altar of Xom.
  4802 | D:6      | Found a hide-covered altar of Uskayaw.
  4846 | D:6      | Reached skill level 2 in Ice Magic
  4864 | D:6      | Reached XP level 9. HP: 57/58 MP: 8/12
  4865 | D:6      | Upgraded the game from 0.25-a0-317-g5f8687bca5 to
                  | 0.25-a0-340-ga1faa1601d
  5035 | D:7      | Found Didotue's Jewellery Boutique.
  5106 | D:7      | Found a bloodstained altar of Trog.
  5117 | D:7      | Got an ichor-stained animal skin
  5142 | D:7      | Found Weelax's Antique Weapon Emporium.
  5148 | D:7      | Found Zigic's Distillery.
  5164 | D:7      | Reached skill level 5 in Dodging
  5275 | D:7      | Found Geosmyn Wyosch's Assorted Antiques.
  5572 | D:7      | Learned a level 4 spell: Ice Form
  5694 | D:7      | Found Borch's Jewellery Shoppe.
  5804 | D:8      | Noticed Harold
  5828 | D:8      | HP: 1/58 [Harold/+0 war axe (24)]
  5837 | D:7      | Killed from afar by Harold

Levels and vault maps discovered:
D:1:      minmay_arrival_three_doors, layout_basic
D:2:      layout_loops_cross, first_ration, chequers_ecumenical_altar_twisty
D:3:      layout_basic, nemelex_xobeh_ov_fountains_minmay,
          chequers_temple_overflow_statue_of_worship, ebering_ghost_rock_garden,
          minmay_misc_feat_pillars, hangedman_decor_opposing, chequers_garden,
          kennysheep_generic_room_15, uniq_ijyb
D:4:      layout_basic, minmay_temple_entry_stoned_glass, gammafunk_ghost_grave
D:5:      layout_cave_pools
D:6:      corexii_shack_village, layout_basic, grunt_temple_overflow_open,
          grunt_ministairs_7, lemuel_flamethrower_1, uniq_sigmund,
          uniq_eustachio
D:7:      layout_basic, serial_shops, nicolae_shop_crystal,
          nicolae_shop_temple_entry_statues_fountains, shop, shop, shop,
          bloody_trog
D:8:      layout_loops_cross, ebering_ghost_funeral_grove, the_bakery,
          uniq_joseph, uniq_harold
Temple:   eino_temple_scatter_basement

Skill      XL: |  1  2  3  4  5  6  7  8  9 |
---------------+----------------------------+-----
Unarmed Combat | 4 5 6 7 8 |  8.9
Dodging        | 3 4 5 |  5.1
Transmutations | 3 4 5 7 |  7.6
Armour         | 1 2 3 |  3.1
Ice Magic      | 2 |  2.8
Fighting       | |  0.8
Spellcasting   | |  2.0

Action                   |  1- 3 |  4- 6 |  7- 9 || total
-------------------------+-------+-------+-------++-------
Melee: Unarmed           |   113 |   104 |   240 ||   457
       Headbutt          |    11 |     2 |       ||    13
       Kick              |     6 |     3 |     4 ||    13
       Bite              |     4 |     6 |     1 ||    11
       Punch             |     2 |     1 |     2 ||     5
 Cast: Beastly Appendage |    25 |    16 |     2 ||    43
       Spider Form       |     2 |     7 |    30 ||    39
Invok: Heroism           |       |       |     3 ||     3
  Use: Scroll            |     2 |       |     1 ||     3
Armor: Robe              |    27 |     4 |       ||    31
       Leather armour    |       |     8 |     4 ||    12
       Skin              |       |       |    10 ||    10
       Ring mail         |       |       |     2 ||     2
Dodge: Dodged            |    99 |    96 |   208 ||   403

Table legend:
 A = Non-vault XP
 B = Vault XP
 C = Vault XP percentage of total XP
 D = Non-vault monster count
 E = Vault monster count
 F = Vault count percentage of total count
                 A         B        C        D         E       F
            +---------+---------+-------+---------+---------+-------
      Total |    2463 |     654 |  21.0 |     125 |      17 |  12.0
            +---------+---------+-------+---------+---------+-------
        D:1 |      29 |       0 |   0.0 |      19 |       0 |   0.0
        D:2 |     103 |       0 |   0.0 |      27 |       0 |   0.0
        D:3 |     103 |      44 |  29.9 |      15 |       3 |  16.7
        D:4 |     634 |       0 |   0.0 |      26 |       0 |   0.0
        D:5 |     555 |       0 |   0.0 |      14 |       0 |   0.0
        D:6 |     791 |     577 |  42.2 |      19 |      13 |  40.6
        D:7 |     248 |      33 |  11.7 |       5 |       1 |  16.7
            +---------+---------+-------+---------+---------+-------

Levels and vault maps discovered:
D:1:      minmay_arrival_three_doors, layout_basic
D:2:      layout_loops_cross, first_ration, chequers_ecumenical_altar_twisty
D:3:      layout_basic, nemelex_xobeh_ov_fountains_minmay,
          chequers_temple_overflow_statue_of_worship, ebering_ghost_rock_garden,
          minmay_misc_feat_pillars, hangedman_decor_opposing, chequers_garden,
          kennysheep_generic_room_15, uniq_ijyb
D:4:      layout_basic, minmay_temple_entry_stoned_glass, gammafunk_ghost_grave
D:5:      layout_cave_pools
D:6:      corexii_shack_village, layout_basic, grunt_temple_overflow_open,
          grunt_ministairs_7, lemuel_flamethrower_1, uniq_sigmund,
          uniq_eustachio
D:7:      layout_basic, serial_shops, nicolae_shop_crystal,
          nicolae_shop_temple_entry_statues_fountains, shop, shop, shop,
          bloody_trog
D:8:      layout_loops_cross, ebering_ghost_funeral_grove, the_bakery,
          uniq_joseph, uniq_harold
Temple:   eino_temple_scatter_basement

Table legend:
 A = Turns spent in this place as a percentage of turns spent in the entire game.
 B = Non-inter-level travel turns spent in this place as a percentage of non-inter-level travel turns spent in the entire game.
 C = Inter-level travel turns spent in this place as a percentage of turns spent in this place.
 D = Turns resting spent in this place as a percentage of non-inter-level travel turns spent in this place.
 E = Turns spent auto-exploring this place as a percentage of non-inter-level travel turns spent in this place.
 F = Non-inter-level travel turns spent in this place divided by the number of levels of this place that you've seen.
                   A       B       C       D       E      F
               +-------+-------+-------+-------+-------+----------------------
         Total | 100.0 | 100.0 |   3.1 |  17.1 |  57.9 | 628.4
       Dungeon |  96.8 |  97.0 |   2.9 |  17.6 |  56.7 | 686.1
        Temple |   3.2 |   3.0 |   9.2 |   0.0 |  96.4 | 167.0
               +-------+-------+-------+-------+-------+----------------------

Table legend:
 A = Kills in this place as a percentage of kills in entire the game.
 B = Kills by you in this place as a percentage of kills by you in the entire game.
 C = Kills by friends in this place as a percentage of kills by friends in the entire game.
 D = Other kills in this place as a percentage of other kills in the entire game.
 E = Experience gained in this place as a percentage of experience gained in the entire game.
 F = Experience gained in this place divided by the number of levels of this place that you have seen.
                   A       B       C       D       E      F
               +-------+-------+-------+-------+-------+----------------------
         Total | 100.0 | 100.0 |   N/A |   N/A | 100.0 | 346.3
       Dungeon | 100.0 | 100.0 |   N/A |   N/A | 100.0 | 389.6
               +-------+-------+-------+-------+-------+----------------------
